 Dungeon Crawl Stone Soup version 0.28.0-53-g5a82cb258f (webtiles) character file.

Game seed: 1341273752168592328

185 Sin92 the Magician (level 5, -3/35 HPs)
             Began as a Demonspawn Hedge Wizard on July 14, 2022.
             Slain by an iguana (5 damage)
             ... on level 4 of the Dungeon.
             The game lasted 00:04:59 (3848 turns).

Sin92 the Magician (Demonspawn Hedge Wizard)        Turns: 3848, Time: 00:05:00

Health: -3/35      AC:  2    Str: 10    XL:     5   Next: 37%
Magic:  10/10      EV: 12    Int: 16    God:
Gold:   108        SH:  4    Dex: 14    Spells: 10/11 levels left

rFire   . . .      SeeInvis .   e - +2 hand axe (vamp)
rCold   . . .      Faith    .   (no shield)
rNeg    . . .      Spirit   .   b - +0 robe
rPois   .          Reflect  .   c - +0 hat
rElec   .          Harm     .   (no cloak)
rCorr   .          Rampage  .   (no gloves)
Will    .....                   (no boots)
Stlth   ++........              (no amulet)
HPRegen 0.11/turn               (no ring)
MPRegen 0.12/turn               (no ring)

@: no status effects
A: horns 1, powered by death 1, condensation shield
a: no special abilities


You were on level 4 of the Dungeon.
You visited 1 branch of the dungeon, and saw 4 of its levels.

You collected 108 gold pieces.

Inventory:

Hand Weapons
 a - a +0 dagger
 e - a +2 vampiric hand axe (weapon)
Armour
 b - a +0 robe (worn)
 c - a +0 hat (worn)
 l - a +0 cloak
Wands
 g - a wand of polymorph (10)
 h - a wand of flame (37)
Scrolls
 d - 5 scrolls of identify
Potions
 f - a potion of lignification
 j - a potion of heal wounds


   Skills:
 - Level 0.6 Short Blades
 + Level 1.4 Axes
 + Level 2.4 Dodging
 + Level 2.8 Stealth
 + Level 3.5 Spellcasting
 + Level 2.2 Conjurations
 - Level 1.0 Summonings
 + Level 2.0 Translocations


You had 10 spell levels left.
You knew the following spells:

 Your Spells              Type           Power      Damage    Failure   Level
a - Magic Dart            Conj           40%        1d5       7%          1

Your spell library contained the following spells:

 Spells                   Type           Power      Damage    Failure   Level
 Blink                    Tloc           18%        N/A       12%         2
 Slow                     Hex            8%         N/A       19%         1
 Call Imp                 Summ           6%         N/A       19%         2
 Conjure Flame            Conj/Fire      6%         6-21      32%         3
 Mephitic Cloud           Conj/Pois/Air  5%         N/A       36%         3


Dungeon Overview and Level Annotations

Branches:
Dungeon (4/15)
 Temple: D:4-7

Altars:
Ashenzari
Ru
Zin

Shops:
D:3 *


Innate Abilities, Weirdness & Mutations

You have a pair of small horns on your head.
You regenerate a little health from kills.
A meltable shield of frost defends you. (SH +4)


Message History

You are poisoned.
The adder poisons you!
You hit the adder.
You kill the adder!
You feel sick. The iguana closely misses you.
You hit the iguana.
You feel better.
The iguana is moderately wounded.
You feel sick. The iguana misses you.
Unknown command.
You hit the iguana.
The iguana is heavily wounded.
You feel sick. The iguana barely misses you.
You closely miss the iguana.
The iguana is heavily wounded.
You feel sick. The iguana closely misses you.
You hit the iguana but do no damage.
You headbutt the iguana, but do no damage.
The iguana is heavily wounded.
You feel sick.
You are no longer poisoned.
You block the iguana's attack.
You closely miss the iguana.
You headbutt the iguana, but do no damage.
The iguana is heavily wounded.
You block the iguana's attack. The iguana closely misses you.
You hit the iguana.
You feel better.
The iguana is severely wounded.
The iguana barely misses you.
You barely miss the iguana. Your headbutt misses the iguana.
The iguana is severely wounded.
The iguana barely misses you.
You hit the iguana.
You feel better.
Your headbutt misses the iguana.
The iguana is almost dead.
The iguana bites you!
You barely miss the iguana. Your headbutt misses the iguana.
The iguana is almost dead.
The iguana bites you!
* * * LOW HITPOINT WARNING * * *
The iguana bites you.
You die...

###########
#...l@....#
....#######.#
. #<# #.# #.#
#.# ..# ###


You could see an iguana.

Vanquished Creatures
  Jessica (D:2)
  An orc wizard (D:3)
  Robin (D:2)
  5 adders
  3 worms
  3 dart slugs
  An orc (D:3)
  2 bats
  5 endoplasms
  A giant cockroach (D:1)
  18 goblins
  4 hobgoblins
  3 jackals (D:1)
  2 quokkas
  3 ball pythons
  2 frilled lizards
  4 kobolds
  5 rats
64 creatures vanquished.

Notes
Turn   | Place    | Note
-------+----------+-------------------------------------------
     0 | D:1      | Sin92 the Demonspawn Hedge Wizard began the quest for the
                  | Orb.
     0 | D:1      | Reached XP level 1. HP: 13/13 MP: 4/4
   192 | D:1      | Reached skill level 1 in Translocations
   399 | D:1      | Gained mutation: You have a pair of small horns on your
                  | head. [demonic ancestry]
   399 | D:1      | Reached XP level 2. HP: 19/19 MP: 0/6
  1533 | D:2      | Gained mutation: A meltable shield of frost defends you.
                  | (SH +4) [demonic ancestry]
  1533 | D:2      | Reached XP level 3. HP: 24/24 MP: 1/7
  1865 | D:2      | Noticed Robin
  1872 | D:2      | Killed Robin
  1909 | D:2      | Noticed Jessica
  1915 | D:2      | Killed Jessica
  1916 | D:2      | Reached XP level 4. HP: 24/30 MP: 0/9
  2344 | D:2      | Reached skill level 1 in Axes
  2344 | D:2      | Found a faded altar of an unknown god.
  2782 | D:3      | Found Onlu's Assorted Antiques.
  3099 | D:3      | Found a broken altar of Ashenzari.
  3301 | D:3      | Found a sacrificial altar of Ru.
  3342 | D:3      | Gained mutation: You regenerate a little health from kills.
                  | [demonic ancestry]
  3342 | D:3      | Reached XP level 5. HP: 31/35 MP: 7/10
  3413 | D:3      | Noticed an angel
  3848 | D:4      | Slain by an iguana

Illustrated notes

Levels and vault maps discovered:
D:1:      elethiomel_arrival_maze, layout_loops_ring
D:2:      layout_loops_ring, shapermc_ecumenical_altar_mp_highgroup, uniq_robin,
          uniq_jessica
D:3:      layout_loops_ring, zin_angel, lemuel_doored_altar,
          nicolae_ru_great_annihilating_truth, serial_shops, shop,
          minmay_misc_feat_five
D:4:      layout_loops_corners, mainiacjoe_overflow_alcove_3,
          grunt_decor_arrowhead, minmay_manual_mess

Skill      XL: |  1  2  3  4  5 |
---------------+----------------+-----
Translocations | 1 2 |  2.0
Stealth        | 2 |  2.8
Dodging        | 2 |  2.4
Axes           | 1 |  1.4
Conjurations   | 2 |  2.2
Short Blades   | |  0.6
Spellcasting   | |  3.5
Summonings     | |  1.0

Action                   |  1- 3 |  4- 6 || total
-------------------------+-------+-------++-------
Melee: Dagger            |     3 |       ||     3
       Hand axe          |    22 |    76 ||    98
       Headbutt          |     4 |    15 ||    19
       Punch             |     1 |     1 ||     2
 Cast: Magic Dart        |    65 |    39 ||   104
  Use: Scroll            |       |     5 ||     5
       Potion            |       |     1 ||     1
 Stab: Sleeping          |       |     6 ||     6
Armor: Robe              |     1 |     2 ||     3
Dodge: Dodged            |    14 |    44 ||    58
Block: Other             |     1 |    12 ||    13
